 Dungeon Crawl Stone Soup version 0.32-a0-468-g38b2580584 (webtiles) character file.

Game seed: 1297191598808038128

32655 TheLasagnaBaron the Severer (level 13, -1/123 HPs)
             Began as a Minotaur Berserker on Feb 24, 2024.
             Was a High Priest of Trog.
             Slain by a goliath frog (10 damage)
             ... on level 1 of the Swamp.
             The game lasted 00:29:29 (11718 turns).

TheLasagnaBaron the Severer (Minotaur Berserker)   Turns: 11718, Time: 00:29:30

Health: -1/123     AC:  7    Str: 26    XL:     13   Next: 32%
Magic:  12/12      EV: 11    Int:  4    God:    Trog [*****.]
Gold:   990        SH:  0    Dex: 11    Spells: 12/12 levels left

rFire   . . .        g - +7 broad axe (vamp)
rCold   . . .        (no shield)
rNeg    . . .        I - +3 scale mail {Will+}
rPois   +            (helmet restricted)
rElec   .            s - +0 cloak
rCorr   .            M - +2 pair of gloves
SInv    .            t - +0 pair of boots
Will    ++++.        i - amulet of the acrobat Stlth
                     y - ring of willpower
HPRegen 1.40/turn    C - ring of poison resistance
MPRegen 0.13/turn

%: acrobat
@: strong-willed, corroded, regenerating, studying Dodging, very slow
A: horns 2, retaliatory headbutt
a: Renounce Religion, Berserk, Trog's Hand, Brothers in Arms


You were on level 1 of the Swamp.
You worshipped Trog.
Trog was extremely pleased with you.
You visited 3 branches of the dungeon, and saw 14 of its levels.

You collected 990 gold pieces.

Inventory:

Hand Weapons
 g - a +7 vampiric broad axe (weapon)
Armour
 s - a +0 cloak (worn)
 t - a +0 pair of boots (worn)
 I - a +3 scale mail of willpower (worn)
 M - a +2 pair of gloves (worn)
 Y - a +0 troll leather armour
Jewellery
 i - an amulet of the acrobat (around neck)
 y - a ring of willpower (left hand)
 C - a ring of poison resistance (right hand)
 T - a +5 ring of evasion
Wands
 p - a wand of charming (13)
 G - a wand of polymorph (14)
 S - a wand of mindburst (4)
 Z - a wand of iceblast (4)
Scrolls
 f - a scroll of immolation
 j - 3 scrolls of brand weapon
 k - 2 scrolls of vulnerability
 A - 7 scrolls of teleportation
 D - 6 scrolls of enchant weapon
 L - 2 scrolls of fear
 N - a scroll of noise
 O - a scroll of blinking
 P - a scroll of silence
 Q - 2 scrolls of poison
 R - a scroll of fog {unknown}
 U - 2 scrolls of torment
 W - 2 scrolls of revelation
Potions
 c - 2 potions of curing
 h - 2 potions of invisibility {unknown}
 m - 11 potions of ambrosia
 n - 2 potions of attraction
 o - 4 potions of brilliance
 q - 2 potions of haste {unknown}
 v - a potion of heal wounds
 w - 3 potions of degeneration {unknown}
 x - a potion of magic {unknown}
 z - a potion of enlightenment {unknown}
 B - 2 potions of mutation {unknown}
 K - a potion of lignification {unknown}


   Skills:
 + Level 13.8 Fighting
 + Level 19.0 Axes
 * Level 14.6 Armour
 - Level 2.2 Dodging


You had 12 spell levels left.
You didn't know any spells.
Your spell library was empty.

Dungeon Overview and Level Annotations

Branches:
Dungeon (11/15)            Temple (0/1) D:7            Lair (2/5) D:9
  Swamp (1/4) Lair:2          Orc (0/2) D:9
  Snake: Lair:2-3    Spider: Lair:2-3

Altars:
Ashenzari
Dithmenos
Fedhas
Hepliaklqana
Kikubaaqudgha
Nemelex Xobeh
Okawaru
Qazlal
Sif Muna
Trog
Uskayaw
Wu Jian
Xom
Zin
The Shining One

Shops:
D:3 :**   D:11 **


Innate Abilities, Weirdness & Mutations

You have a pair of horns on your head.
You reflexively headbutt those who attack you in melee.


Message History

You are splashed with acid!
You slice the eleionoma!!
You kill the eleionoma!
Trog accepts your kill.
You slash the swamp worm!
You feel better.
You closely miss the goliath frog. You barely miss the swamp drake.
The swamp worm bites you but does no damage.
The swamp drake closely misses you. You furiously retaliate!
You headbutt the swamp drake, but do no damage.
The goliath frog hits you!
* * * LOW HITPOINT WARNING * * *
The acid corrodes you!
You are splashed with acid!
* * * LOW HITPOINT WARNING * * *
Your Axes skill increases to level 19!
Your skin crawls.
You feel strong-willed. The swamp worm misses you.
The goliath frog barely misses you. The swamp drake closely misses you.
You furiously retaliate!
You headbutt the swamp drake, but do no damage.
Okay, then.
You feel much better.
The swamp worm bites you but does no damage.
The goliath frog hits you.
You are splashed with acid!
The swamp drake bites you.
You are too injured to fight recklessly!
You feel much better. The swamp worm bites you!
The goliath frog hits you but does no damage.
The swamp drake closely misses you. You furiously retaliate!
You headbutt the swamp drake! The swamp worm bites you!
* * * LOW HITPOINT WARNING * * *
Your deep troll goes berserk!
The goliath frog hits you!!
* * * LOW HITPOINT WARNING * * *
You are splashed with acid!
* * * LOW HITPOINT WARNING * * *
The swamp drake barely misses you. You furiously retaliate!
You headbutt the swamp drake.
The swamp worm bites you but does no damage.
The goliath frog hits you!
You die...

..~~~~~ ♣~♣~~~~..~
~~.~~..~.... ♣...~§..♣♣
♣♣..§~~~...~ ♣.~~~~§..♣
♣..~.~~...~ ♣.~~~...~♣
~..~~~~~..♣♣ ♣♣~~~~÷~~.♣
~~.~~~~~~..♣ ♣.~~~~~÷~..
♣...~~~.§♣ ♣..~~.~§..♣
♣♣~..w~~~.♣♣♣~.~...~...
♣)..~F@~T.♣~.~~~~§~~~§.
.~~.~~k......~~.~~~..~..
~~~~~~~..~~......~~.~...
~~~§~~..~§~~#..~~~~.~~~.
~~~~~~.~~~~~.#~~~~§....♣
~~~~§§.~~~~~.#~~~~~~..♣♣
~~~....~~~§.##.~~~~.♣♣♣
♣.§♣...~~~..#...~~§~.♣
........##...~~~~♣♣


You could see a goliath frog (ally target), a swamp worm, a swamp drake and a
friendly deep troll (summoned, berserk).

Vanquished Creatures
  Gastronok (Lair:1)
  An eleionoma (Swamp:1)
  Josephine (D:11)
  2 hydras (Lair:2)
  An alligator (Swamp:1)
  2 two-headed ogres
  3 death yaks (Lair:2)
  Urug (Lair:1)
  The ghost of LilYaldabaoth01 the Basher, a novice MDCA of Ignis (D:8)
  2 skysharks (Lair:2)
  A cyclops (D:6)
  2 black mambas
  A torpor snail (Lair:2)
  6 cane toads
  2 unseen horrors
  3 komodo dragons
  Psyche (D:11)
  A queen bee (D:9)
  A troll (D:11)
  A hornet (D:8)
  Grinder (D:5)
  A tyrant leech (Swamp:1)
  A glass eye (D:9)
  9 blink frogs (Lair:2)
  A slime creature (Lair:1)
  31 yaks
  A steam dragon (D:9)
  4 wyverns
  6 wraiths
  A basilisk (Lair:1)
  Edmund (D:5)
  2 swamp worms
  Duvessa (D:7)
  An acid dragon (D:11)
  8 water moccasins
  2 orc warriors
  A sky beast (D:7)
  5 ice beasts
  6 black bears
  5 wolves (Lair:1)
  2 centaurs
  3 phantoms
  4 kobold brigands
  9 bullfrogs
  A scorpion (D:5)
  2 gnoll sergeants
  A wight (D:9)
  Dowan (D:7)
  5 troll zombies (D:9)
  39 killer bees
  3 electric eels (Lair:2)
  3 howler monkeys (D:8)
  2 hounds (D:6)
  2 quasits (D:4)
  7 jellies
  Crazy Yiuf (D:4)
  3 bombardier beetles
  4 gnoll boudas
  10 orc priests
  5 hell rats (Lair:1)
  Ijyb (D:4)
  5 iguanas
  12 orc wizards
  4 sleepcaps
  3 ogre zombies (D:9)
  27 gnolls
  14 adders
  4 shadow imps
  3 white imps (D:4)
  2 ufetubi (D:6)
  4 dart slugs
  4 ribbon worms
  45 orcs
  23 endoplasms
  4 giant cockroaches
  8 goblins
  4 hobgoblins
  3 jackals
  8 kobolds
  6 quokkas
  10 ball pythons
  6 bats
  4 frilled lizards
  3 gnoll skeletons (D:9)
  2 gnoll zombies (D:9)
  A goblin zombie (D:5)
  4 hobgoblin zombies (D:5)
  A kobold zombie (D:5)
  6 orc skeletons
  16 orc zombies
  9 rats
475 creatures vanquished.

Vanquished Creatures (collateral kills)
  A goliath frog (Swamp:1)
1 creature vanquished.

Vanquished Creatures (others)
  A troll (D:9)
  A killer bee (D:9)
2 creatures vanquished.

Grand Total: 478 creatures vanquished

Notes
Turn   | Place    | Note
-------+----------+-------------------------------------------
     0 | D:1      | TheLasagnaBaron the Minotaur Berserker began the quest for
                  | the Orb.
     0 | D:1      | Reached XP level 1. HP: 19/19 MP: 0/0
   214 | D:1      | Reached XP level 2. HP: 27/27 MP: 1/1
   281 | D:1      | Reached skill level 4 in Axes
   645 | D:1      | Reached XP level 3. HP: 33/33 MP: 2/2
   658 | D:1      | Reached ** piety under Trog
  1525 | D:2      | Reached XP level 4. HP: 39/41 MP: 3/3
  1657 | D:3      | Found an iron altar of Okawaru.
  1690 | D:3      | Found a runed translucent door.
  1696 | D:3      | Found the +0 toga "Victory" {*Victory Clar}
  1706 | D:3      | Reached skill level 5 in Axes
  1709 | D:3      | Reached XP level 5. HP: 47/47 MP: 4/4
  1815 | D:3      | Found Beuwatuq's Assorted Antiques.
  1887 | D:3      | Found a shimmering altar of Xom.
  1888 | D:3      | Found a shimmering altar of Xom.
  1951 | D:3      | Found a sparkling altar of Nemelex Xobeh.
  1978 | D:3      | Found Vehibb's Assorted Antiques.
  2021 | D:3      | Identified a scroll of acquirement
  2022 | D:3      | Acquired a +6 vampiric broad axe
  2058 | D:3      | Found Waecacap's Book Shop.
  2235 | D:3      | Reached skill level 5 in Armour
  2240 | D:3      | Reached *** piety under Trog
  2366 | D:3      | Reached XP level 6. HP: 55/55 MP: 5/5
  2600 | D:4      | Reached skill level 5 in Fighting
  2600 | D:4      | Reached skill level 6 in Axes
  2701 | D:4      | Noticed Ijyb
  2702 | D:4      | Found a hazy altar of Hepliaklqana.
  2708 | D:4      | Killed Ijyb
  2783 | D:4      | Identified the +8 hammer of Ereuss {freeze, rF+ Str+6}
  2788 | D:4      | Found a runed translucent door.
  2789 | D:4      | Noticed Crazy Yiuf
  2890 | D:4      | Found an ornate altar of the Wu Jian Council.
  2913 | D:4      | Found a stormy altar of Qazlal.
  2966 | D:4      | Reached skill level 7 in Axes
  3018 | D:4      | Killed Crazy Yiuf
  3019 | D:4      | Reached XP level 7. HP: 61/61 MP: 6/6
  3042 | D:5      | Entered Level 5 of the Dungeon
  3061 | D:5      | Found a glowing golden altar of the Shining One.
  3069 | D:5      | Noticed Grinder
  3071 | D:5      | Reached **** piety under Trog
  3081 | D:5      | Killed Grinder
  3146 | D:5      | Reached skill level 8 in Axes
  3244 | D:5      | Found a hide-covered altar of Uskayaw.
  3252 | D:5      | Noticed Edmund
  3265 | D:5      | Killed Edmund
  3461 | D:5      | Found a glowing silver altar of Zin.
  3525 | D:5      | Reached XP level 8. HP: 55/70 MP: 7/7
  3787 | D:5      | Reached skill level 9 in Axes
  4436 | D:6      | Reached skill level 10 in Axes
  4647 | D:6      | Found a broken altar of Ashenzari.
  4905 | D:6      | Noticed a cyclops
  4914 | D:6      | Reached skill level 11 in Axes
  4914 | D:6      | Reached XP level 9. HP: 78/78 MP: 8/8
  4917 | D:6      | Killed a cyclops
  4959 | D:6      | Identified the +0 leather armour of Fuaz {Fly rCorr Dex+5}
  5579 | D:7      | Reached skill level 12 in Axes
  5587 | D:7      | Reached ***** piety under Trog
  5630 | D:7      | Found a staircase to the Ecumenical Temple.
  5686 | D:7      | Found a shadowy altar of Dithmenos.
  5698 | D:7      | Noticed Duvessa
  5699 | D:7      | Noticed Dowan
  5703 | D:7      | Killed Duvessa
  5709 | D:7      | Killed Dowan
  5722 | D:7      | Reached skill level 13 in Axes
  5990 | D:8      | Reached XP level 10. HP: 89/89 MP: 9/9
  6074 | D:8      | Found a bloodstained altar of Trog.
  6170 | D:8      | Found a blossoming altar of Fedhas.
  6171 | D:8      | Found an ancient bone altar of Kikubaaqudgha.
  6332 | D:8      | Received a gift from Trog
  6417 | D:8      | Found a transporter.
  6422 | D:8      | Found a transporter.
  6579 | D:8      | Noticed LilYaldabaoth01's ghost (novice MDCA)
  6740 | D:8      | Killed LilYaldabaoth01's ghost
  6741 | D:8      | Reached skill level 14 in Axes
  6814 | D:9      | Found a staircase to the Orcish Mines.
  6829 | D:9      | Reached skill level 10 in Armour
  7026 | D:9      | Reached skill level 10 in Fighting
  7026 | D:9      | Reached skill level 15 in Axes
  7031 | D:9      | Reached XP level 11. HP: 98/99 MP: 10/10
  7086 | D:9      | Noticed a two-headed ogre
  7098 | D:9      | Killed a two-headed ogre
  7153 | D:9      | Found a staircase to the Lair.
  7249 | D:9      | Reached skill level 16 in Axes
  7678 | D:10     | Entered Level 10 of the Dungeon
  7755 | D:10     | Identified the +1 robe of Tenacity {rF+ Archmagi}
  8035 | D:10     | Received a gift from Trog
  8082 | D:10     | Found a shimmering blue altar of Sif Muna.
  8243 | D:11     | Noticed Josephine
  8255 | D:11     | Killed Josephine
  8389 | D:11     | Noticed Psyche
  8391 | D:11     | Killed Psyche
  8479 | D:11     | Reached skill level 17 in Axes
  8503 | D:11     | Found Mapiynou's Specific Store.
  8506 | D:11     | Found Posoxet's General Store.
  8512 | D:11     | Reached XP level 12. HP: 107/110 MP: 11/11
  8544 | D:11     | Noticed a two-headed ogre
  8553 | D:11     | Killed a two-headed ogre
  8749 | D:11     | Reached ****** piety under Trog
  8987 | Lair:1   | Entered Level 1 of the Lair of Beasts
  9012 | Lair:1   | Noticed Urug
  9020 | Lair:1   | Killed Urug
  9470 | Lair:1   | Noticed Gastronok
  9483 | Lair:1   | Killed Gastronok
  9496 | Lair:1   | Reached skill level 18 in Axes
  9682 | Lair:1   | Received a gift from Trog
  9879 | Lair:2   | Noticed a five-headed hydra
  9889 | Lair:2   | Killed an 11-headed hydra
  9905 | Lair:2   | Noticed a death yak
  9907 | Lair:2   | Noticed a death yak
  9908 | Lair:2   | Noticed a death yak
  9919 | Lair:2   | Killed a death yak
  9923 | Lair:2   | Killed a death yak
  9929 | Lair:2   | Killed a death yak
 10118 | Lair:2   | Reached XP level 13. HP: 122/122 MP: 12/12
 10792 | Lair:2   | Identified the +0 leather armour of Pride {rPois Int+3}
 11070 | Lair:2   | Found a staircase to the Swamp.
 11396 | Swamp:1  | Entered Level 1 of the Swamp
 11700 | Swamp:1  | Noticed an eleionoma
 11714 | Swamp:1  | Killed an eleionoma
 11715 | Swamp:1  | Reached skill level 19 in Axes
 11718 | Swamp:1  | Slain by a goliath frog

Illustrated notes

Levels and vault maps discovered:
D:1:      shiori_shiawase, layout_basic, grunt_decor_mini_mirrors
D:2:      layout_basic, serial_park_tiny_pond, st_stairs_9,
          minmay_misc_feat_plants
D:3:      layout_basic, nicolae_overflow_guarded_unrand_okawaru_victory,
          xom_redecorated, marbit_many_paths, serial_shops, nicolae_shop_stone,
          nicolae_shop_tiny_waterfront, nicolae_shop_rolling_square,
          minmay_stone_trees_small, grunt_ministairs_14,
          minmay_misc_feat_encased, minmay_snake_closets
D:4:      layout_gridville, grunt_qazlal_sundering,
          mainiacjoe_overflow_cross_hatched, mainiacjoe_overflow_boulevard,
          serial_demonic, serial_demonic_f, serial_demonic_f, serial_demonic_g,
          serial_demonic_e, minmay_statues_item, minmay_misc_feat_alley,
          hex_tiny, uniq_ijyb, uniq_crazy_yiuf_cottage
D:5:      layout_basic, nicolae_uskayaw_suspiria, nicolae_tso_besieged_by_evil,
          zin_treasury, hangedman_abyss_or_decor_passed, grunt_ministairs_9,
          uniq_grinder, uniq_edmund
D:6:      layout_layer_cave, ashenzari_altar_1, minmay_manual_maat
D:7:      layout_loops_ring, grunt_dithmenos_smoke_and_mirrors,
          minmay_temple_entry_statues_fountains, uniq_duvessa
D:8:      layout_gridville, grunt_temple_overflow_growth_and_decay,
          mainiacjoe_overflow_small_starburst, gammafunk_ghost_hive, minmay_puff
D:9:      layout_roguey [special_room_bee], due_lair_maze_entry_diamond,
          zombieorc2_lemuel, onia_ninara_cookie
D:10:     layout_roguey, mainiacjoe_overflow_alcove_2
D:11:     layout_rooms, nicolae_specific_store, uniq_psyche, uniq_josephine
Lair:1:   lemuel_slime, layout_gridlike, uniq_gastronok, uniq_urug
Lair:2:   layout_layer_cave, nicolae_swamp_entry_splash_gauntlet,
          infiniplex_staircase_pool_2, grunt_megastairs_3, lemuel_fruit_fields,
          lemuel_fruit_tree
Swamp:1:  layout_basic_swamp, evilmike_swamp_ruin_wall, uniq_mlioglotl

Skill      XL: |  1  2  3  4  5  6  7  8  9 10 11 12 13 |
---------------+----------------------------------------+-----
Axes           | 4 5 7 8 11 13 15 17 18 19 | 19.0
Fighting       | 4 5 6 8 10 11 13 | 13.8
Armour         | 3 4 5 6 7 9 10 12 13 14 | 14.6
Dodging        | |  2.2

Action                     |  1- 3 |  4- 6 |  7- 9 | 10-12 | 13-15 || total
---------------------------+-------+-------+-------+-------+-------++-------
  Melee: Hand axe          |    85 |    32 |       |       |       ||   117
         Headbutt          |    16 |    14 |    29 |    91 |    19 ||   169
         Broad axe         |       |    78 |   169 |   502 |   113 ||   862
 Invoke: Berserk           |       |     1 |       |     4 |       ||     5
         Trog's Hand       |       |       |       |     1 |     2 ||     3
         Brothers in Arms  |       |       |       |       |     2 ||     2
    Use: Scroll            |       |     9 |     3 |     8 |       ||    20
         Potion            |       |       |       |       |     6 ||     6
 Armour: Animal skin       |     1 |       |       |       |       ||     1
         Ring mail         |    45 |    77 |    19 |       |       ||   141
         Scale mail        |       |       |    98 |   468 |   145 ||   711
  Dodge: Dodged            |    53 |    72 |    78 |   266 |    73 ||   542

Table legend: (Time is in decaauts)
 A = Elapsed time spent in this place.
 B = Non-inter-level travel time spent in this place.
 C = Inter-level travel time spent in this place.
 D = Time resting spent in this place.
 E = Time spent auto-exploring this place.
 F = Levels seen in this place.
 G = Mean time per level.
                   A        B        C        D        E       F      G
               +--------+--------+--------+--------+--------+-----+--------+
         Total |  11685 |  10948 |    737 |     17 |   8948 |  14 |  834.6 |
       Dungeon |   9015 |   8377 |    638 |     14 |   6791 |  11 |  819.5 |
          Lair |   2354 |   2255 |     99 |      3 |   1891 |   2 | 1177.0 |
         Swamp |    316 |    316 |      0 |      0 |    265 |   1 |  316.0 |
               +--------+--------+--------+--------+--------+-----+--------+

Top non-repeatable levels by time:
  Lair:2: 1479 daAuts
     D:5: 1238 daAuts
     D:6: 1111 daAuts
     D:3: 934 daAuts
     D:9: 882 daAuts
  Lair:1: 875 daAuts
     D:8: 849 daAuts
     D:1: 814 daAuts
     D:2: 803 daAuts
    D:11: 672 daAuts
    D:10: 593 daAuts
     D:7: 583 daAuts
     D:4: 531 daAuts
 Swamp:1: 316 daAuts
